 Dungeon Crawl Stone Soup version 0.31-a0-229-g1fc7ce93e2 (webtiles) character file.

Game seed: 2638453934936952729

683 qw the Shooter (level 7, -1/61 HPs)
             Began as a Minotaur Hexslinger on July 6, 2023.
             Slain by an ogre
             ... wielding a +0 giant spiked club
              (17 damage)
             ... on level 4 of the Dungeon.
             The game lasted 00:01:24 (2943 turns).

qw the Shooter (Minotaur Hexslinger)                Turns: 2943, Time: 00:01:24

Health: -1/61      AC:  6    Str: 12    XL:     7   Next: 35%
Magic:  7/7        EV: 12    Int: 10    God:
Gold:   162        SH:  0    Dex: 21    Spells: 7/8 levels left

rFire   . . .        Y - +3 sling
rCold   . . .        (no shield)
rNeg    . . .        c - +0 ring mail
rPois   .            (helmet restricted)
rElec   .            (no cloak)
rCorr   .            (no gloves)
SInv    .            k - +0 pair of boots
Will    .....        (no amulet)
Stlth   +            a - +6 ring of dexterity
HPRegen 0.30/turn    (no ring)
MPRegen 0.10/turn

%: no passive effects
@: no status effects
A: horns 2, retaliatory headbutt
a: no special abilities


You were on level 4 of the Dungeon.
You visited 1 branch of the dungeon, and saw 4 of its levels.
You also visited: Sewer.

You collected 162 gold pieces.


Innate Abilities, Weirdness & Mutations

You have a pair of horns on your head.
You reflexively headbutt those who attack you in melee.


   Skills:
 - Level 5.2 Fighting
 + Level 7.1 Ranged Weapons
 - Level 1.0 Armour
 - Level 3.5 Dodging
 - Level 1.0 Spellcasting
 - Level 2.0 Hexes


You had 7 spell levels left.
You knew the following spells:

 Your Spells              Type           Power      Damage    Failure   Level
a - Slow                  Hex            16%        N/A       34%         1

Your spell library contained the following spells:

 Spells                   Type           Power      Damage    Failure   Level
 Inner Flame              Hex/Fire       2%         N/A       83%         3
 Portal Projectile        Hex/Tloc       4%         N/A       83%         3
 Cause Fear               Hex            2%         N/A       98%         4

Inventory:

Hand Weapons
 Y - a +3 sling (weapon)
Armour
 c - a +0 ring mail (worn)
 k - a +0 pair of boots (worn)
Jewellery
 a - a +6 ring of dexterity (left hand)
Scrolls
 d - 2 scrolls of identify
 f - a scroll of noise {unknown}
 g - a scroll of enchant armour {unknown}
Potions
 b - a potion of mutation {unknown}
 e - a potion of curing
 h - 4 potions of heal wounds
 j - a potion of enlightenment {unknown}
 m - a potion of degeneration {unknown}

Dungeon Overview and Level Annotations

Branches:
Dungeon (4/15)              Sewer (visited)
 Temple: D:4-7

Altars:


Message History

The phantom is heavily damaged.
The phantom barely misses you.
You shoot a sling bullet.
The sling bullet barely misses the phantom.
The phantom hits you.
You shoot a sling bullet.
The sling bullet closely misses the phantom.
The phantom closely misses you. You furiously retaliate!
You headbutt the phantom. The phantom barely misses you.
You shoot a sling bullet. The sling bullet hits the phantom.
The phantom is severely damaged.
The phantom hits you but does no damage.
You shoot a sling bullet. The sling bullet hits the phantom!
You destroy the phantom!
A goblin comes into view. It is wielding a +0 club.
The phantom hits you.
The phantom blinks!
You blink.
A hound comes into view.
Your Dodging skill increases to level 3!
Enter note:
Enter note:
Enter note: You shoot a sling bullet.
The sling bullet barely misses the phantom.
The hound barks!
You hear a bark!
The phantom barely misses you.
You shoot a sling bullet. The sling bullet hits the phantom!
The phantom is heavily damaged.
The goblin hits you with a +0 club.
The phantom hits you but does no damage.
The hound bites you. The goblin hits you but does no damage.
The phantom barely misses you.
A hound comes into view.
You shoot a sling bullet.
The sling bullet closely misses the phantom.
The hound bites you. The goblin barely misses you. You furiously retaliate!
You headbutt the goblin. The phantom misses you. You furiously retaliate!
You headbutt the phantom, but do no damage.
The ogre hits you with a +0 giant spiked club!
You die...

#.#.##..#
....##..# # #
##.#.#.##..### ..
.......#.......#
.#
##.#.#.#ยค##.<..#
.......#...##....#
.#..)...#.##....#
..=..#W#...WO..#
#.)......##g@### #
#.#.#.##.#.##.h#
..#...)......?...#
.#.#[##.###.##..#
................#
#.#.##.# #.####..#
#.#.##.###.####h.#
.........?.....$.#
####..######..


You could see an ogre, a phantom, 2 hounds and a goblin.

Vanquished Creatures
  An ice beast (D:3)
  2 phantoms (D:4)
  2 bullfrogs (Sewer)
  2 orc priests (D:4)
  A jelly (D:3)
  Natasha (twice) (D:2)
  Terence (D:2)
  3 adders
  A white imp (D:4)
  A dart slug (D:4)
  7 orcs
  8 ball pythons
  10 endoplasms
  15 giant cockroaches
  9 goblins
  4 hobgoblins
  4 jackals
  15 quokkas
  3 bats (D:1)
  4 frilled lizards
  10 kobolds
  6 rats (D:1)
111 creatures vanquished.

Notes
Turn   | Place    | Note
-------+----------+-------------------------------------------
     0 | D:1      | qw the Minotaur Hexslinger began the quest for the Orb.
     0 | D:1      | Reached XP level 1. HP: 16/16 MP: 1/1
     0 | D:1      | 0 ||| qw: Version: 0.3-a-46-gb1f654a
     0 | D:1      | 0 ||| qw: Game counter: 1393
     0 | D:1      | 0 ||| qw: Melee chars always use a shield: true
     0 | D:1      | 0 ||| qw: God list: Okawaru
     0 | D:1      | 0 ||| qw: Allow faded altars: false
     0 | D:1      | 0 ||| qw: Do Orc after clearing Dungeon:15 true
     0 | D:1      | 0 ||| qw: Do second Lair branch before Depths: true
     0 | D:1      | 0 ||| qw: Lair rune preference: random
     0 | D:1      | 0 ||| qw: Goals: Normal
     0 | D:1      | 0 ||| PLANNING D:1-11
    15 | D:1      | Found a faded altar of an unknown god.
    62 | D:1      | Reached skill level 3 in Ranged Weapons
    66 | D:1      | Reached XP level 2. HP: 23/23 MP: 2/2
   427 | D:1      | Reached XP level 3. HP: 29/29 MP: 3/3
   717 | D:1      | 717 ||| UPGRADING to +0 leather armour.
   727 | D:1      | 727 ||| DROPPING +0 robe.
   728 | D:1      | 728 ||| UPGRADING to +0 pair of boots.
   733 | D:1      | 733 ||| READING scroll labelled XAEQYSU ACZEE.
   734 | D:1      | 734 ||| READING 2 scrolls labelled XATRATHR QAINUN.
   735 | D:1      | 735 ||| READING scroll of enchant weapon.
   735 | D:1      | 735 ||| ENCHANTING +2 sling.
   736 | D:1      | 736 ||| READING scroll labelled EBREHE QEBRORGH.
   737 | D:1      | 737 ||| DROPPING scroll of poison.
   822 | D:2      | Reached skill level 4 in Ranged Weapons
   901 | D:2      | Noticed Natasha
   906 | D:2      | Killed Natasha
   907 | D:2      | Reached XP level 4. HP: 36/36 MP: 4/4
  1076 | D:2      | Noticed Natasha
  1078 | D:2      | Killed Natasha
  1079 | D:2      | Reached skill level 5 in Ranged Weapons
  1117 | D:2      | Noticed Terence
  1135 | D:2      | HP: 8/36 [Terence/+0 hand axe (3)]
  1136 | D:2      | HP: 2/36 [Terence/+0 hand axe (5)]
  1139 | D:2      | Killed Terence
  1320 | D:2      | 1320 ||| READING scroll labelled WOCRYR RAVAS.
  1324 | D:2      | 1324 ||| DRINKING 2 bubbling silvery potions.
  1337 | D:3      | 1337 ||| PLANNING SEWER
  1359 | D:3      | Reached skill level 3 in Fighting
  1378 | D:3      | Noticed an ice beast
  1388 | D:3      | Killed an ice beast
  1389 | D:3      | Reached skill level 6 in Ranged Weapons
  1389 | D:3      | Reached XP level 5. HP: 36/45 MP: 5/5
  1497 | D:3      | Reached skill level 1 in Armour
  1643 | D:3      | Found a glowing drain.
  1644 | D:3      | 1644 ||| UPGRADING to +0 ring mail.
  1654 | D:3      | 1654 ||| DROPPING +0 leather armour.
  1655 | D:3      | 1655 ||| UPGRADING to +6 ring of dexterity.
  1656 | D:3      | 1656 ||| DRINKING 2 fuming yellow potions.
  1657 | D:3      | 1657 ||| DRINKING 2 coppery potions.
  1658 | D:3      | 1658 ||| DROPPING potion of brilliance.
  1667 | Sewer    | Entered a sewer
  1678 | Sewer    | 1678 ||| Stepping ~*~*~tactically~*~*~ (water).
  1720 | Sewer    | Reached XP level 6. HP: 51/51 MP: 6/6
  1733 | Sewer    | 1733 ||| Stepping ~*~*~tactically~*~*~ (water).
  1747 | Sewer    | 1747 ||| Stepping ~*~*~tactically~*~*~ (water).
  1862 | Sewer    | 1862 ||| Stepping ~*~*~tactically~*~*~ (water).
  1961 | Sewer    | Identified the +6 dagger of Kyppazem {holy, rElec Dex+5}
  2169 | D:3      | 2169 ||| PLANNING D:1-11
  2674 | D:4      | Reached XP level 7. HP: 56/61 MP: 7/7
  2705 | D:4      | 2705 ||| Stepping ~*~*~tactically~*~*~ (outnumbered).
  2716 | D:4      | Reached skill level 7 in Ranged Weapons
  2935 | D:4      | 2935 ||| STAIRDANCE
  2941 | D:4      | Reached skill level 3 in Dodging
  2943 | D:4      | Slain by an ogre

Levels and vault maps discovered:
D:1:      nzn_arrival_crosshair, layout_basic,
          hellmonk_ecumenical_altar_blasted, minmay_pentomino_o4
D:2:      layout_rooms, uniq_terence, uniq_natasha
D:3:      corexii_shack_village, layout_basic, portal_sewer_entry_d,
          nicolae_houndstooth_variations
D:4:      layout_basic, dk_yredelemnul_ordeal, grunt_decor_arrowhead,
          minmay_diced_spiral

Skill      XL: |  1  2  3  4  5  6  7 |
---------------+----------------------+-----
Ranged Weapons | 3 4 6 7 |  7.1
Fighting       | 2 3 5 |  5.2
Armour         | 1 |  1.0
Dodging        | 3 |  3.5
Spellcasting   | |  1.0
Hexes          | |  2.0

Action                     |  1- 3 |  4- 6 |  7- 9 || total
---------------------------+-------+-------+-------++-------
   Fire: Sling             |   131 |   187 |    36 ||   354
    Use: Scroll            |     4 |     1 |       ||     5
         Potion            |       |     3 |       ||     3
 Armour: Robe              |     8 |       |       ||     8
         Leather armour    |       |    13 |       ||    13
         Ring mail         |       |    16 |    11 ||    27
  Dodge: Dodged            |    33 |    50 |    15 ||    98

Table legend:
 A = Non-vault XP
 B = Vault XP
 C = Vault XP percentage of total XP
 D = Non-vault monster count
 E = Vault monster count
 F = Vault count percentage of total count
                 A         B        C        D         E       F
            +---------+---------+-------+---------+---------+-------
      Total |     539 |     438 |  44.8 |      69 |      42 |  37.8
            +---------+---------+-------+---------+---------+-------
        D:1 |      50 |       6 |  10.7 |      32 |       3 |   8.6
        D:2 |      59 |      69 |  53.9 |      13 |       2 |  13.3
        D:3 |     200 |      36 |  15.3 |      16 |      12 |  42.9
        D:4 |     230 |     105 |  31.3 |       8 |       2 |  20.0
      Sewer |       0 |     222 | 100.0 |       0 |      23 | 100.0
            +---------+---------+-------+---------+---------+-------
